 Dungeon Crawl Stone Soup version 0.20.1-1-g8b1a95d (webtiles) character file.

121 ReignOfFire the Slasher (level 4, -9/34 HPs)
             Began as a Demonspawn Gladiator on July 21, 2017.
             Killed by nerve-wracking pain
             ... invoked by Grinder
              (11 damage)
             ... on level 3 of the Dungeon.
             The game lasted 00:02:27 (1645 turns).

ReignOfFire the Slasher (Demonspawn Gladiator)      Turns: 1645, Time: 00:02:27

Health: -9/34      AC:  4    Str: 15    XL:     4   Next: 77%
Magic:  4/4        EV: 13    Int:  9    God:
Gold:   122        SH:  0    Dex: 15    Spells: 3/3 levels left

rFire    . . .     SeeInvis .   a - +0 long sword
rCold    + . .     Gourm    .   (no shield)
rNeg     . . .     Faith    .   b - +0 leather armour
rPois    .         Spirit   .   c - +0 helmet
rElec    .         Reflect  .   (no cloak)
rCorr    .         Harm     .   (no gloves)
MR       .....                  (no boots)
Stlth    +.........             (no amulet)
Regen    0.2/turn               l - ring of protection from cold
MPRegen  0.1/turn               (no ring)

@: no status effects
A: powered by death 1, spiny 1
a: no special abilities


You were on level 3 of the Dungeon.
You were hungry.

You visited 1 branch of the dungeon, and saw 3 of its levels.

You collected 122 gold pieces.

Inventory:

Hand Weapons
 a - a +0 long sword (weapon)
Armour
 b - a +0 leather armour (worn)
 c - a +0 helmet (worn)
Jewellery
 l - a ring of protection from cold (left hand)
Wands
 o - a wand of disintegration (14/24)
Scrolls
 e - a scroll of identify {unknown}
 i - a scroll of remove curse {unknown}
 k - a scroll of amnesia {unknown}
 m - a scroll of blinking {unknown}
 q - a scroll of recharging {unknown}
 r - a scroll of teleportation {unknown}
Potions
 h - 2 potions of lignification {unknown}
 j - a potion of curing {unknown}
 n - a potion of haste {unknown}
 s - a potion of magic {unknown}
Comestibles
 f - 2 bread rations
 g - a meat ration


   Skills:
 + Level 2.3 Fighting
 + Level 3.6 Long Blades
 + Level 2.1 Throwing
 + Level 1.5 Armour
 + Level 3.4 Dodging
 + Level 0.2 Stealth


You had 3 spell levels left.
You didn't know any spells.

Dungeon Overview and Level Annotations

Branches:
Dungeon (3/15)

Altars:
Dithmenos
Okawaru
Trog
The Shining One

Annotations:
D:3 Grinder


Innate Abilities, Weirdness & Mutations

You regenerate a little health from kills.
You are partially covered in sharp spines.


Message History

You throw a throwing net.
The throwing net closely misses Grinder.
Grinder hits you.
* * * LOW HITPOINT WARNING * * *
You writhe in agony.
* * * LOW HITPOINT WARNING * * *
All of the chunks of flesh in your inventory have rotted away.
Throwing (i - inventory):
d - 2 throwing nets (quivered)
Press: ? - help, Shift-Dir - straight line, f/p - Grinder
Aim: Grinder, carrying a wand of polymorph (?/24) {zapped: 6} (moderately wounded)
You throw a throwing net.
The throwing net closely misses Grinder.
Throwing (i - inventory):
d - a throwing net (quivered)
Press: ? - help, Shift-Dir - straight line, f/p - Grinder
Aim: Grinder, carrying a wand of polymorph (?/24) {zapped: 6} (moderately wounded)
You throw a throwing net.
The throwing net closely misses Grinder.
Grinder gestures at you. Pain shoots through your body!
You die...

#.........#
##..$......#
..........##
..........#
...?......## ##.
...........# ....
...........# .....
...........###......
...#####....@5.....(
... #....%.......
..$.............
................
........####.....
........# .....
........# ....
....... ##..


You could see Grinder.

Vanquished Creatures
  2 gnolls (D:3)
  3 adders
  2 oozes
  A worm (D:2)
  2 dart slugs
  An orc (D:3)
  A ball python (D:3)
  4 giant cockroaches
  6 goblins
  8 hobgoblins
  6 jackals
  7 kobolds
  5 bats
  4 frilled lizards
  4 rats
56 creatures vanquished.

Notes
Turn   | Place    | Note
-------+----------+-------------------------------------------
     0 | D:1      | ReignOfFire the Demonspawn Gladiator began the quest for the Orb.
     0 | D:1      | Reached XP level 1. HP: 16/16 MP: 1/1
   247 | D:1      | Gained mutation: You are partially covered in sharp spines. [demonic ancestry]
   247 | D:1      | Reached XP level 2. HP: 22/22 MP: 2/2
   814 | D:2      | Found a bloodstained altar of Trog.
   864 | D:2      | Found a glowing golden altar of the Shining One.
   885 | D:2      | Reached XP level 3. HP: 24/27 MP: 3/3
  1042 | D:2      | Found a shadowy altar of Dithmenos.
  1046 | D:2      | Reached skill level 1 in Armour
  1108 | D:2      | Gained mutation: You regenerate a little health from kills. [demonic ancestry]
  1108 | D:2      | Reached XP level 4. HP: 11/33 MP: 4/4
  1431 | D:3      | Found an iron altar of Okawaru.
  1612 | D:3      | Noticed Grinder
  1625 | D:3      | Paralysed by Grinder for 7 turns
  1638 | D:3      | Paralysed by Grinder for 2 turns
  1645 | D:3      | Killed from afar by Grinder

Skill      XL: |  1  2  3 |
---------------+----------+-----
Dodging        | 3 |  3.4
Throwing       | 2 |  2.1
Long Blades    | 3 |  3.6
Armour         | 1 |  1.5
Fighting       | |  2.3
Stealth        | |  0.2

Action                   |  1- 3 |  4- 6 || total
-------------------------+-------+-------++-------
Melee: Long sword        |    82 |    42 ||   124
Throw: Throwing net      |       |     3 ||     3
  Eat: Chunk             |       |     2 ||     2
Armor: Leather armour    |    20 |    14 ||    34
       Skin              |       |     4 ||     4
Dodge: Dodged            |    66 |    32 ||    98
       Rpst.: Long sword |    23 |     6 ||    29
